 Dungeon Crawl Stone Soup version 0.30-a0-996-ga6910c8ee8 (webtiles) character file.

Game seed: 3644849875811963361

7 Maxmaps the Insei (level 1, 0/18 HPs)
             Began as a Demonspawn Monk on Apr 5, 2023.
             Slain by a goblin
             ... wielding a +0 dagger
              (1 damage)
             ... on level 1 of the Dungeon.
             The game lasted 00:00:09 (151 turns).

Maxmaps the Insei (Demonspawn Monk)                  Turns: 151, Time: 00:00:09

Health: 0/18       AC:  2    Str: 11    XL:     1   Next: 83%
Magic:  1/1        EV: 12    Int: 11    God:
Gold:   28         SH:  0    Dex: 15    Spells: 0/0 levels left

rFire   . . .      SeeInvis .      - Unarmed
rCold   . . .      Faith    .    (no shield)
rNeg    . . .      Spirit   .    a - +0 robe
rPois   .          Reflect  .    (no helmet)
rElec   .          Rampage  .    (no cloak)
rCorr   .                        (no gloves)
Will    .....                    (no boots)
Stlth   ++                       (no amulet)
HPRegen 0.23/turn                (no ring)
MPRegen 0.07/turn                (no ring)

@: no status effects
A: no striking features
a: no special abilities


You were on level 1 of the Dungeon.
You visited 1 branch of the dungeon, and saw 1 of its levels.

You collected 28 gold pieces.

Inventory:

Armour
 a - a +0 robe (worn)
Potions
 b - a potion of ambrosia


   Skills:
 - Level 3.0 Fighting
 - Level 2.6 Dodging
 - Level 1.7 Stealth
 + Level 3.1 Unarmed Combat


You couldn't memorise any spells.
You didn't know any spells.
Your spell library was empty.

Dungeon Overview and Level Annotations

Branches:
Dungeon (1/15)

Altars:


Message History

You are too injured to fight recklessly!
You are too injured to fight recklessly!
You are too injured to fight recklessly!
You are too injured to fight recklessly!
You are too injured to fight recklessly!
You are too injured to fight recklessly!
You are too injured to fight recklessly!
You are too injured to fight recklessly!
You are too injured to fight recklessly!
You are too injured to fight recklessly!
You are too injured to fight recklessly!
You are too injured to fight recklessly!
You are too injured to fight recklessly!
You are too injured to fight recklessly!
You are too injured to fight recklessly!
You punch the hobgoblin!
You kill the hobgoblin!
The bat hits you but does no damage. The goblin closely misses you.
The bat misses you.
You closely miss the goblin.
The goblin is severely wounded.
The bat barely misses you. The goblin hits you with a +0 dagger.
You barely miss the goblin.
The goblin is severely wounded.
The bat hits you but does no damage. The bat barely misses you.
The goblin hits you with a +0 dagger.
* * * LOW HITPOINT WARNING * * *
You barely miss the goblin.
The goblin is severely wounded.
The goblin barely misses you.
You barely miss the goblin.
The goblin is severely wounded.
The bat hits you.
* * * LOW HITPOINT WARNING * * *
The goblin hits you with a +0 dagger.
* * * LOW HITPOINT WARNING * * *
The goblin attacks as you move away! The goblin hits you with a +0 dagger.
* * * LOW HITPOINT WARNING * * *
The goblin hits you with a +0 dagger.
You die...

#. .# ##.###.#
#...##r###
#........ ##...##.#
#...:†..######.
#.##...........
#...bg.........
####@##.########.##
#.#.............
#.#.###.#.#.#.##
#.#. #.#.# #.#g
#.#.# #.#. #.#.#
.... #.#.# #.##
#.#.# #.#.#


You could see a goblin and a bat.

Vanquished Creatures
  A dart slug (D:1)
  An endoplasm (D:1)
  A hobgoblin (D:1)
  A bat (D:1)
  A frilled lizard (D:1)
5 creatures vanquished.

Notes
Turn   | Place    | Note
-------+----------+-------------------------------------------
     0 | D:1      | Maxmaps the Demonspawn Monk began the quest for the Orb.
     0 | D:1      | Reached XP level 1. HP: 18/18 MP: 1/1
   151 | D:1      | Slain by a goblin

Illustrated notes

Levels and vault maps discovered:
D:1:      minmay_arrival_plants_in_alcoves, layout_loops_ring, st_stairs_8

Skill      XL: |  1 |
---------------+----+-----
Unarmed Combat | 3 |  3.1
Fighting       | |  3.0
Dodging        | |  2.6
Stealth        | |  1.7

Action                     || total
---------------------------++-------
  Melee: Unarmed           ||    26
         Punch             ||     1
   Stab: Sleeping          ||     1
 Armour: Robe              ||    13
  Dodge: Dodged            ||    20

Table legend: (Time is in decaauts)
 A = Elapsed time spent in this place.
 B = Non-inter-level travel time spent in this place.
 C = Inter-level travel time spent in this place.
 D = Time resting spent in this place.
 E = Time spent auto-exploring this place.
 F = Levels seen in this place.
 G = Mean time per level.
                   A        B        C        D        E       F      G
               +--------+--------+--------+--------+--------+-----+--------+
         Total |    149 |    149 |      0 |      0 |    101 |   1 |  149.0 |
       Dungeon |    149 |    149 |      0 |      0 |    101 |   1 |  149.0 |
               +--------+--------+--------+--------+--------+-----+--------+

Top non-repeatable levels by time:
     D:1: 149 daAuts
